 Dungeon Sprint DCSS version 0.29-a0-824-gd827844252 (webtiles) character file.

Game seed: 5310004190206535530

5310 mhtbhm the Eclecticist (level 10, -2/45 HPs)
             Began as a Spriggan Earth Elementalist on July 10, 2022.
             Was a High Priest of Vehumet.
             Slain by a catoblepas (12 damage)
             ... while petrified by a catoblepas
             ... in the Dungeon (Sprint IX: "|||||||||||||||||||||||||||||").
             The game lasted 00:04:37 (2106 turns).

mhtbhm the Eclecticist (SpEE)                       Turns: 2106, Time: 00:04:38

Health: -2/45      AC:  4    Str:  7    XL:     10   Next: 37%
Magic:  10/31      EV:  4    Int: 19    God:    Vehumet [*****.]
Gold:   16         SH:  0    Dex: 18    Spells: 24/42 levels left

rFire   . . .      SeeInvis +   k - +2 rapier (distort)
rCold   . . .      Faith    .   (no shield)
rNeg    + + +      Spirit   .   a - +0 robe
rPois   ∞          Reflect  .   (helmet restricted)
rElec   .          Harm     .   (no cloak)
rCorr   .          Rampage  .   (gloves unavailable)
Will    +....      NoTele   +   (boots unavailable)
Stlth   +++++.....              (no amulet)
HPRegen 0.15/turn               l - +2 ring of protection
MPRegen 0.22/turn               m - +3 ring of strength

@: petrified, very quick
A: very small, no large weapons, unfitting armour, see invisible, speed 3
a: Renounce Religion


You were in the Dungeon.
You worshipped Vehumet.
Vehumet was extremely pleased with you.
You visited 1 branch You collected 16 gold pieces.

Inventory:

Hand Weapons
 k - a +2 rapier of distortion (weapon)
Armour
 a - a +0 robe (worn)
Jewellery
 l - a +2 ring of protection (left hand)
 m - a +3 ring of strength (right hand)
Scrolls
 g - 4 scrolls of blinking
 i - 2 scrolls of amnesia
 n - a scroll of identify
 o - a scroll of fog
 p - a scroll of fear
Potions
 b - 5 potions of magic
 c - 5 potions of curing
 d - 7 potions of heal wounds
 e - 2 potions of haste
 f - 2 potions of berserk rage
 h - a potion of invisibility
 j - a potion of might


   Skills:
 + Level 1.1 Fighting
 + Level 9.7 Dodging
 + Level 10.0 Stealth
 + Level 16.7 Spellcasting
 + Level 3.8 Conjurations
 + Level 3.6 Transmutations
 + Level 1.1 Air Magic
 + Level 15.1 Earth Magic
 + Level 1.2 Poison Magic
 + Level 7.0 Evocations


You had 24 spell levels left.
You knew the following spells:

 Your Spells              Type           Power      Damage    Failure   Level
a - Sandblast             Erth           100%       2d20      0%          1
b - Passwall              Tmut/Erth      42%        N/A       1%          2
c - Stone Arrow           Conj/Erth      100%       3d13      1%          3
d - Petrify               Tmut/Erth      51%        N/A       1%          4
e - Mephitic Cloud        Conj/Pois/Air  23%        N/A       1%          3
f - Lee's Rapid Deconstr  Erth           32%        3d18*     1%          5

Your spell library contained the following spells:

 Spells                   Type           Power      Damage    Failure   Level


Dungeon Overview and Level Annotations

Branches:
Dungeon (1/1)

Altars:
Cheibriados
Dithmenos
Elyvilon
Fedhas
Gozag
Hepliaklqana
Kikubaaqudgha
Makhleb
Nemelex Xobeh
Okawaru
Qazlal
Ru
Sif Muna
Trog
Uskayaw
Vehumet
Wu Jian
Xom
Yredelemnul
Zin
The Shining One
Jiyva
Lugonu


Innate Abilities, Weirdness & Mutations

You are very small and have problems with some larger weapons.
You are too small for most types of armour.
You have supernaturally acute eyesight. (SInv)
You cover ground extremely quickly. (Speed+++)


Message History

An unnaturally hard rock wall.
The wall shatters!
The blast of rock fragments hits the catoblepas but does no damage.
The catoblepas is lightly wounded.
Unknown command.
Unknown command.
The catoblepas breathes a plume of calcifying dust at you.
The blast of calcifying dust hits you!
You are engulfed in calcifying dust.
You are slowing down.
Unknown command.
Your limbs are stiffening.
Unknown command.
You have turned to stone.
The catoblepas breathes a plume of calcifying dust at you.
The blast of calcifying dust hits you.
You are engulfed in calcifying dust.
The catoblepas breathes a plume of calcifying dust at you.
The blast of calcifying dust hits you.
You turn to flesh and can move again.
You are engulfed in calcifying dust.
Unknown command.
Unknown command.
Unknown command.
You are engulfed in calcifying dust.
Unknown command.
Unknown command.
You are engulfed in calcifying dust.
You are slowing down.
You are engulfed in calcifying dust.
Your limbs have turned to stone.
You have turned to stone.
You are engulfed in calcifying dust.
The catoblepas breathes a plume of calcifying dust at you.
The blast of calcifying dust hits you.
You are engulfed in calcifying dust. x2
The catoblepas gores you!
You are engulfed in calcifying dust.
The catoblepas gores you!!
* * * LOW HITPOINT WARNING * * *
You are engulfed in calcifying dust.
The catoblepas gores you!!
You die...

▓_▓.▓l▓
▓_▓.▓.▓
▓_▓.▓.▓
▓_▓.▓.▓
▓_▓.▓l▓
▓_▓§▓'▓
▓_▓§▓.▓
▓_▓.▓.▓
▓_▓@▓.▓
▓_▓Y▓.▓
▓_▓.▓h▓
▓_▓.▓.▓
▓_▓.▓.▓
▓_▓.▓.▓
▓_▓.▓.▓
▓_▓.▓'▓
▓_▓.▓.▓


You could see a catoblepas.

Vanquished Creatures
  A hydra (D)
  A skeletal warrior (D)
  A black mamba (D)
  A gargoyle (D)
  2 cane toads (D)
  3 komodo dragons (D)
  A troll (D)
  A wyvern (D)
  A wraith (D)
  4 yaks (D)
  5 basilisks (D)
  An acid dragon (D)
  A water moccasin (D)
  A centaur (D)
  A wolf (D)
  2 bullfrogs (D)
  A gnoll bouda (D)
  An adder (D)
  An ufetubus (D)
  2 orcs (D)
  2 endoplasms (D)
  2 goblins (D)
  A rat (D)
37 creatures vanquished.

Notes
Turn   | Place    | Note
-------+----------+-------------------------------------------
     0 | D        | mhtbhm the Spriggan Earth Elementalist began the quest for
                  | the Orb.
     0 | D        | Reached XP level 1. HP: 9/9 MP: 5/5
     5 | D        | Reached skill level 3 in Spellcasting
   237 | D        | Noticed a gnoll bouda
   245 | D        | Reached skill level 4 in Spellcasting
   245 | D        | Reached XP level 2. HP: 10/13 MP: 5/8
   252 | D        | Reached skill level 5 in Spellcasting
   252 | D        | Reached skill level 5 in Earth Magic
   252 | D        | Reached XP level 3. HP: 13/16 MP: 2/10
   460 | D        | Learned a level 2 spell: Passwall
   464 | D        | Learned a level 3 spell: Stone Arrow
   470 | D        | Found a snail-covered altar of Cheibriados.
   470 | D        | Found a shadowy altar of Dithmenos.
   470 | D        | Found a white marble altar of Elyvilon.
   470 | D        | Found a blossoming altar of Fedhas.
   470 | D        | Found an opulent altar of Gozag.
   471 | D        | Found a hazy altar of Hepliaklqana.
   472 | D        | Found a viscous altar of Jiyva.
   473 | D        | Found an ancient bone altar of Kikubaaqudgha.
   474 | D        | Found a corrupted altar of Lugonu.
   475 | D        | Found a burning altar of Makhleb.
   476 | D        | Found a sparkling altar of Nemelex Xobeh.
   477 | D        | Found an iron altar of Okawaru.
   478 | D        | Found a stormy altar of Qazlal.
   479 | D        | Found a sacrificial altar of Ru.
   480 | D        | Found a shimmering blue altar of Sif Muna.
   481 | D        | Found a bloodstained altar of Trog.
   482 | D        | Found a hide-covered altar of Uskayaw.
   483 | D        | Found a radiant altar of Vehumet.
   484 | D        | Found an ornate altar of the Wu Jian Council.
   485 | D        | Found a shimmering altar of Xom.
   486 | D        | Found a basalt altar of Yredelemnul.
   487 | D        | Found a glowing silver altar of Zin.
   488 | D        | Found a glowing golden altar of the Shining One.
   491 | D        | Became a worshipper of Vehumet
   517 | D        | Noticed a yak
   517 | D        | Noticed a centaur
   517 | D        | Noticed a wyvern
   517 | D        | Noticed a yak
   517 | D        | Noticed a yak
   517 | D        | Noticed a wraith
   520 | D        | Killed a yak
   520 | D        | Killed a yak
   521 | D        | Reached skill level 8 in Spellcasting
   521 | D        | Reached XP level 4. HP: 10/21 MP: 10/15
   521 | D        | Reached XP level 5. HP: 12/24 MP: 11/17
   521 | D        | Reached XP level 6. HP: 14/28 MP: 11/18
   526 | D        | Killed a wraith
   526 | D        | Reached * piety under Vehumet
   526 | D        | Offered knowledge of Freeze by Vehumet.
   526 | D        | Killed a wyvern
   527 | D        | Reached skill level 10 in Spellcasting
   527 | D        | Reached XP level 7. HP: 16/32 MP: 13/21
   689 | D        | Learned a level 4 spell: Petrify
   702 | D        | Killed a yak
   702 | D        | Reached ** piety under Vehumet
   702 | D        | Offered knowledge of Poisonous Vapours by Vehumet.
   725 | D        | Noticed a basilisk
   725 | D        | Noticed a gargoyle
   725 | D        | Noticed a troll
   725 | D        | Noticed a komodo dragon
   725 | D        | Noticed a skeletal warrior
   734 | D        | Killed a komodo dragon
   735 | D        | Reached skill level 11 in Spellcasting
   735 | D        | Reached XP level 8. HP: 36/36 MP: 24/24
   745 | D        | Killed a skeletal warrior
   746 | D        | Reached skill level 12 in Spellcasting
   746 | D        | Reached skill level 5 in Evocations
   746 | D        | Killed a troll
   746 | D        | Reached *** piety under Vehumet
   747 | D        | Reached skill level 13 in Spellcasting
   919 | D        | Killed a gargoyle
   919 | D        | Offered knowledge of Mephitic Cloud by Vehumet.
   920 | D        | Reached XP level 9. HP: 39/39 MP: 9/27
  1191 | D        | Learned a level 3 spell: Mephitic Cloud
  1197 | D        | Noticed a komodo dragon
  1197 | D        | Noticed a komodo dragon
  1204 | D        | Offered knowledge of Fulminant Prism by Vehumet.
  1205 | D        | Reached skill level 1 in Conjurations
  1205 | D        | Reached **** piety under Vehumet
  1206 | D        | Reached skill level 14 in Spellcasting
  1217 | D        | Killed a komodo dragon
  1255 | D        | Killed a komodo dragon
  1604 | D        | Offered knowledge of Frozen Ramparts by Vehumet.
  1604 | D        | Reached ***** piety under Vehumet
  1607 | D        | Reached skill level 15 in Spellcasting
  1644 | D        | Noticed a cane toad
  1646 | D        | Killed a cane toad
  1647 | D        | Reached skill level 10 in Stealth
  1647 | D        | Reached skill level 1 in Air Magic
  1647 | D        | Reached skill level 1 in Poison Magic
  1718 | D        | Noticed a black mamba
  1718 | D        | Noticed a five-headed hydra
  1718 | D        | Noticed a cane toad
  1853 | D        | Killed a cane toad
  1853 | D        | Offered knowledge of Lee's Rapid Deconstruction by Vehumet.
  1854 | D        | Reached XP level 10. HP: 44/44 MP: 24/30
  1860 | D        | Learned a level 5 spell: Lee's Rapid Deconstruction
  1919 | D        | Reached skill level 1 in Fighting
  1974 | D        | Killed a five-headed hydra
  1975 | D        | Reached skill level 16 in Spellcasting
  1975 | D        | Reached skill level 15 in Earth Magic
  1979 | D        | Noticed a catoblepas
  1988 | D        | Killed a black mamba
  2106 | D        | Slain by a catoblepas

Illustrated notes

Levels and vault maps discovered:
D:        linesprint [early_d, line_temple, items_1, d_10, items_2, lair_1,
          lair_end, items_3, orc_1, orc_end, items_4, d_15, swamp_1, shoals_1,
          snake_1, spider_1, d_20, vaults_1, items_5, swamp_end, shoals_end,
          snake_end, spider_end, vaults_end, d_27, items_6, zot_1, zot_end,
          crypt_end, forest_end, elf_end, slime_end, tomb_end, abyss_end,
          pan_hell_end]

Skill      XL: |  1  2  3  4  5  6  7  8  9 10 |
---------------+-------------------------------+-----
Spellcasting   | 4 5 8 10 11 13 15 16 | 16.7
Earth Magic    | 4 5 9 11 13 14 15 | 15.1
Dodging        | 3 4 6 7 9 |  9.7
Stealth        | 4 6 8 9 10 | 10.0
Transmutations | 2 3 |  3.6
Evocations     | 2 3 5 7 |  7.0
Conjurations   | 3 |  3.8
Air Magic      | 1 |  1.1
Poison Magic   | 1 |  1.2
Fighting       | 1 |  1.1

Action                   |  1- 3 |  4- 6 |  7- 9 | 10-12 || total
-------------------------+-------+-------+-------+-------++-------
Melee: Rapier            |       |       |     4 |       ||     4
 Cast: Sandblast         |    14 |       |    13 |       ||    27
       Petrify           |       |       |     2 |       ||     2
       Stone Arrow       |       |       |    29 |     4 ||    33
       Mephitic Cloud    |       |       |     4 |       ||     4
       Lee's Rapid Decon |       |       |       |    10 ||    10
Evoke: Wand              |     3 |     1 |     6 |       ||    10
Armor: Robe              |     1 |       |     2 |       ||     3
Dodge: Dodged            |     8 |       |    19 |       ||    27

Table legend: (Time is in decaauts)
 A = Elapsed time spent in this place.
 B = Non-inter-level travel time spent in this place.
 C = Inter-level travel time spent in this place.
 D = Time resting spent in this place.
 E = Time spent auto-exploring this place.
 F = Levels seen in this place.
 G = Mean time per level.
                   A        B        C        D        E       F      G
               +--------+--------+--------+--------+--------+-----+--------+
         Total |   1916 |   1916 |      0 |   1249 |    281 |   1 | 1916.0 |
       Dungeon |   1916 |   1916 |      0 |   1249 |    281 |   1 | 1916.0 |
               +--------+--------+--------+--------+--------+-----+--------+

Top non-repeatable levels by time:
       D: 1916 daAuts
